 Dungeon Crawl Stone Soup version 0.25-a0-68-ge58f8a54b6 (webtiles) character file.

Game seed: 10141367011456187248, levelgen mode: deterministic

53 iamserjio the Skirmisher (level 3, 0/26 HPs)
             Began as an Octopode Chaos Knight on Nov 2, 2019.
             Was a Plaything of Xom.
             Succumbed to a worker ant's poison
             ... on level 2 of the Dungeon.
             The game lasted 00:01:29 (1692 turns).

iamserjio the Skirmisher (Octopode Chaos Knight)    Turns: 1692, Time: 00:01:29

Health: 0/26       AC:  1    Str: 11    XL:     3   Next: 87%
Magic:  3/3        EV: 13    Int: 14    God:    Xom [......]
Gold:   31         SH:  4    Dex: 12    Spells: 2/2 levels left

rFire    . . .     SeeInvis .   a - +0 short sword (chaos)
rCold    . . .     Gourm    .   c - +0 buckler
rNeg     . . .     Faith    .   (helmet restricted)
rPois    .         Spirit   .   (no amulet)
rElec    .         Reflect  .   (no ring)
rCorr    .         Harm     .   (no ring)
MR       .....                  (no ring)
Stlth    ++........             (no ring)
HPRegen  0.08/turn              (no ring)
MPRegen  0.08/turn              (no ring)
                                (no ring)
                                (no ring)

@: lethally poisoned (0 -> -10)
A: almost no armour, stealthy swim, amphibious, 8 rings, constrict 8, camouflage
1, gelatinous body 1
a: Renounce Religion


You were on level 2 of the Dungeon.
You worshipped Xom.
You were a very special plaything of Xom.
You were not hungry.

You visited 1 branch of the dungeon, and saw 2 of its levels.

You collected 31 gold pieces.

Inventory:

Hand Weapons
 a - a +0 short sword of chaos (weapon)
Armour
 c - a +0 buckler (worn)
Scrolls
 d - a scroll of teleportation {unknown}
 e - a scroll of remove curse {unknown}
 f - a scroll of fear {unknown}
 g - a scroll of amnesia {unknown}
Comestibles
 b - a ration


   Skills:
 * Level 3.5 Fighting
 - Level 3.0 Short Blades
 - Level 3.3 Dodging
 - Level 1.4 Shields


You had 2 spell levels left.
You didn't know any spells.
Your spell library was empty.

Dungeon Overview and Level Annotations

Branches:
Dungeon (2/15)

Altars:
Vehumet


Innate Abilities, Weirdness & Mutations

You cannot wear most types of armour.
You are very stealthy in the water. (Stealth+)
You are amphibious.
You can wear up to eight rings at the same time.
You can use your tentacles to constrict eight enemies at once.
Your skin changes colour to match your surroundings (Stealth+).
Your rubbery body absorbs attacks. (AC +1, EV +1)


Message History

* * * LOW HITPOINT WARNING * * *
You feel sick. The rat barely misses you.
You strike the helpless rat from behind!
You hit the rat.
You kill the rat!
* * * LOW HITPOINT WARNING * * *
You feel sick.
You aren't carrying any potions.
Unknown command.
* * * LOW HITPOINT WARNING * * *
You feel sick.
Things that are here:
a +0 dagger; a goblin corpse
There is a lethal amount of poison in your body!
* * * LOW HITPOINT WARNING * * *
You feel sick.
* * * LOW HITPOINT WARNING * * *
You feel sick.
You die...
Xom is highly amused!

#(#............##.#.###
#.#<...................
..####...##†..........
#.##.)..............#
#.##.#...#..........#
#.##.#...#..#.†.....#
...............†....#
####.$.....##.%)....#
#........##...@...#
#...#(#..(.........#
##..#.#...#####.####
##.#.#...# #.# ###.##
.# #.# #.. #.. ##.


There were no monsters in sight!

Vanquished Creatures
  A worker ant (D:2)
  3 dart slugs (D:1)
  2 giant cockroaches
  2 goblins
  3 hobgoblins (D:1)
  2 jackals (D:2)
  2 kobolds
  2 bats
  4 frilled lizards
  A rat (D:2)
22 creatures vanquished.

Notes
Turn   | Place    | Note
-------+----------+-------------------------------------------
     0 | D:1      | iamserjio the Octopode Chaos Knight began the quest for the
                  | Orb.
     0 | D:1      | Reached XP level 1. HP: 16/16 MP: 1/1
   213 | D:1      | Reached XP level 2. HP: 3/21 MP: 2/2
   319 | D:1      | XOM: divination: magic mapping
   870 | D:1      | XOM: medium Air miscast
   992 | D:1      | XOM: give mutations
   992 | D:1      | Gained mutation: You are weak. (Str -2) [Xom's mischief]
   992 | D:1      | Lost mutation: You are weak. (Str -2) [Xom's mischief]
  1094 | D:1      | XOM: medium Ice miscast
  1384 | D:1      | XOM: mild Tmut miscast
  1650 | D:2      | Found a radiant altar of Vehumet.
  1676 | D:2      | Reached XP level 3. HP: 23/26 MP: 3/3
  1680 | D:2      | XOM: polymorph jackal -> worker ant
  1685 | D:2      | Reached skill level 1 in Shields
  1689 | D:2      | HP: 1/26 [poisoned by a worker ant]
  1692 | D:2      | Succumbed to a worker ant's poison

Levels and vault maps discovered:
D:1:      evilmike_arrival_home_sweet_home, layout_basic
D:2:      minmay_general_purpose_star, layout_loops_ring, lemuel_crystal_altar,
          overflow_temple_1_default, kennysheep_generic_room_16, uniq_sigmund

Skill      XL: |  1  2  3 |
---------------+----------+-----
Dodging        | 3 |  3.3
Shields        | 1 |  1.4
Fighting       | |  3.5
Short Blades   | |  3.0

Action                   || total
-------------------------++-------
Melee: Short sword       ||    41
       Constrict         ||    11
       Tentacles         ||     4
  Use: Potion            ||     3
 Stab: Sleeping          ||     9
       Petrifying        ||     1
  Eat: Ration            ||     1
Armor: Skin              ||     2
Dodge: Dodged            ||    18
Block: Buckler           ||     2

Table legend:
 A = Non-vault XP
 B = Vault XP
 C = Vault XP percentage of total XP
 D = Non-vault monster count
 E = Vault monster count
 F = Vault count percentage of total count
                 A         B        C        D         E       F
            +---------+---------+-------+---------+---------+-------
      Total |      76 |       0 |   0.0 |      22 |       0 |   0.0
            +---------+---------+-------+---------+---------+-------
        D:1 |      28 |       0 |   0.0 |      13 |       0 |   0.0
        D:2 |      48 |       0 |   0.0 |       9 |       0 |   0.0
            +---------+---------+-------+---------+---------+-------
